 Dungeon Crawl Stone Soup version 0.29-a0-234-g0dae59b3db (webtiles) character file.

Game seed: 8173030684661427197

30142 fragbeetle the Gelid (level 13, -25/114 HPs)
             Began as a Grey Draconian Transmuter on Mar 2, 2022.
             Was a High Priest of Nemelex Xobeh.
             Annihilated by a radroach (38 damage)
             ... on level 3 of the Lair of Beasts.
             The game lasted 00:40:59 (17665 turns).

fragbeetle the Gelid (Grey Draconian Transmuter)   Turns: 17665, Time: 00:41:00

Health: -25/114    AC: 10    Str: 14    XL:     13   Next: 19%
Magic:  22/22      EV: 10    Int: 16    God:    Nemelex Xobeh [*****.]
Gold:   989        SH:  0    Dex: 19    Spells: 2/24 levels left

rFire   x . .      SeeInvis .     - Unarmed
rCold   + + +      Faith    .   (shield currently unavailable)
rNeg    . . .      Spirit   .   (body armour unavailable)
rPois   +          Reflect  .   (helmet currently unavailable)
rElec   .          Harm     .   (cloak currently unavailable)
rCorr   .          Rampage  .   (gloves currently unavailable)
Will    .....                   (boots currently unavailable)
Stlth   ++........              e - amulet of magic regeneration
HPRegen 0.29/turn               V - ring "Irphuul" {Dex+6 Slay+4}
MPRegen 0.58/turn               f - +4 ring of slaying

@: ice-form, studying Air Magic
A: freezing attack, boosted hp, AC +13, amphibious, large, unfitting armour,
(cold-blooded)
a: End Transformation, Renounce Religion, Draw Escape, Draw Destruction, Draw
Summoning, Triple Draw, Deal Four, Stack Five


You were on level 3 of the Lair of Beasts.
You worshipped Nemelex Xobeh.
Nemelex Xobeh was extremely pleased with you.
You were a creature of crystalline ice.
You visited 3 branches of the dungeon, and saw 15 of its levels.
You also visited: Gauntlet.

You collected 989 gold pieces.

Inventory:

Missiles
 r - 6 boomerangs
 w - 20 poisoned darts
 Q - 3 silver boomerangs
Armour
 B - a scarf of repulsion (melded)
 D - a +2 pair of gloves (melded)
Jewellery
 e - an amulet of magic regeneration (around neck)
 f - a +4 ring of slaying (right front paw)
 g - a ring of flight
 i - a ring of resist corrosion
 s - a ring of ice
 v - a ring of magical power
 A - a ring of ice
 K - a ring of protection from cold
 S - a ring of protection from cold
 U - an amulet of guardian spirit
 V - the ring "Irphuul" (left front paw) {Dex+6 Slay+4}
   (You found it in a Gauntlet)

   [ring of slaying]

   Dex:       It affects your dexterity (+6).
   Slay:      It affects your accuracy & damage with ranged weapons and melee
   (+4).
Wands
 y - a wand of paralysis (1)
 E - a wand of digging (8)
 J - a wand of charming (3)
 L - a wand of polymorph (5)
Scrolls
 a - a scroll of holy word
 b - 7 scrolls of teleportation
 d - 4 scrolls of fog {unknown}
 l - 4 scrolls of magic mapping
 n - a scroll of fear {unknown}
 o - a scroll of brand weapon {unknown}
 p - 2 scrolls of amnesia
 x - 6 scrolls of vulnerability
 C - a scroll of torment {unknown}
 F - 4 scrolls of enchant armour
 M - a scroll of noise {unknown}
 O - a scroll of acquirement {unknown}
 T - a scroll of summoning
 X - 2 scrolls of identify
Potions
 c - 3 potions of mutation
 h - 4 potions of lignification
 j - 3 potions of cancellation
 k - a potion of heal wounds
 m - 3 potions of invisibility
 q - 2 potions of might
 t - 2 potions of degeneration {unknown}
 u - a potion of brilliance {unknown}
 z - 2 potions of ambrosia
 G - 3 potions of curing
 H - a potion of berserk rage {unknown}
 I - a potion of flight {unknown}
 N - a potion of haste {unknown}
 P - 2 potions of experience {unknown}


   Skills:
 - Level 3.6 Fighting
 - Level 1.7 Dodging
 - Level 4.0 Unarmed Combat
 - Level 6.0 Spellcasting
 - Level 7.0 Transmutations
 + Level 17.4 Ice Magic
 - Level 4.0 Poison Magic
 - Level 10.0 Invocations


You had 2 spell levels left.
You knew the following spells:

 Your Spells              Type           Power      Damage    Failure   Level
a - Beastly Appendage     Tmut           54%        N/A       1%          1
b - Spider Form           Tmut/Pois      22%        N/A       4%          3
c - Ice Form              Ice/Tmut       43%        N/A       1%          4
d - Ozocubu's Armour      Ice            57%        N/A       1%          3
e - Ozocubu's Refrigerat  Ice            28%        4d10      9%          7
f - Sticky Flame          Conj/Fire      4%         2d3       80%         4

Your spell library contained the following spells:

 Spells                   Type           Power      Damage    Failure   Level
 Wereblood                Tmut           27%        N/A       1%          2
 Passwall                 Tmut/Erth      13%        N/A       4%          2
 Apportation              Tloc           8%         N/A       14%         1
 Sandblast                Erth           8%         2d5       14%         1
 Slow                     Hex            16%        N/A       14%         1
 Summon Small Mammal      Summ           16%        N/A       14%         1
 Corpse Rot               Necr/Air       8%         N/A       21%         2
 Static Discharge         Conj/Air       4%         N/A       21%         2
 Ignite Poison            Fire/Tmut/Pois 16%        N/A       10%         3
 Mephitic Cloud           Conj/Pois/Air  9%         N/A       24%         3
 Freezing Cloud           Conj/Ice/Air   11%        6-21      34%         5
 Alistair's Intoxication  Tmut/Pois      14%        N/A       36%         5
 Call Canine Familiar     Summ           4%         N/A       38%         3
 Confusing Touch          Hex            4%         N/A       38%         3
 Dazzling Flash           Conj/Hex       8%         N/A       38%         3
 Stone Arrow              Conj/Erth      8%         3d7       38%         3
 Summon Guardian Golem    Hex/Summ       4%         N/A       38%         3
 Vampiric Draining        Necr           4%         2d6       38%         3
 Dispel Undead            Necr           4%         3d7       80%         4
 Iskenderun's Mystic Bla  Conj/Tloc      4%         2d3       80%         4
 Death Channel            Necr           2%         N/A       100%        6
 Starburst                Conj/Fire      2%         6d3       100%        6


Dungeon Overview and Level Annotations

Branches:
Dungeon (11/15)            Temple (1/1) D:6            Lair (3/6) D:9
  Swamp (0/4) Lair:2       Spider (0/4) Lair:2          Orc (0/2) D:11
Gauntlet (visited)

Altars:
Ashenzari
Cheibriados
Dithmenos
Elyvilon
Fedhas
Gozag
Hepliaklqana
Kikubaaqudgha
Makhleb
Nemelex Xobeh
Okawaru
Qazlal
Ru
Sif Muna
Trog
Uskayaw
Vehumet
Wu Jian
Xom
Yredelemnul
Zin
The Shining One
Ignis

Annotations:
D:4 1 runed translucent door, Crazy Yiuf


Innate Abilities, Weirdness & Mutations

You are a creature of crystalline ice.
You have a powerful freezing melee attack.
Your maximum health is increased.
Your armour is entirely melded.
You are incapable of wielding weapons or throwing items.
((Your dull iron-grey scales are very hard. (AC +13)))
You are amphibious.
You cannot fit into any form of body armour.
((You are cold-blooded and may be slowed by cold attacks.))


Message History

The boulder beetle bites you!
* * * LOW HITPOINT WARNING * * *
The blink frog blinks!
You draw a card...
You have drawn Degeneration.
The boulder beetle evaporates and reforms as a radroach!
The radroach twists and deforms.
The blink frog evaporates and reforms as a warg!
The warg twists and deforms.
Unknown command.
You draw a card...
You have drawn the Elements.
The radroach bites you!
* * * LOW HITPOINT WARNING * * *
The radroach barely misses you.
Your icy armour will break if you move.
Continue?
You swap places.
Your icy armour cracks and falls away as you move.
The warg bites your ice beast.
The radroach erupts in a fountain of uncontrolled magic!
Your raiju is blasted with magical radiation!!
Your raiju twists and deforms.
Your ice beast is blasted with magical radiation!!!
Your ice beast dies!
Your ice beast disappears in a puff of smoke!
Your raiju bursts into living lightning!
The living lightning hits the radroach!!
The living lightning hits the warg!!
Your raiju blinks!
You see here a blink frog corpse.
You hit the radroach. You freeze the radroach.
The radroach is moderately wounded.
The radroach bites you!
* * * LOW HITPOINT WARNING * * *
The radroach closely misses you.
Unknown command.
You feel better.
Your fire vortex hits the radroach.
Your fire vortex burns the radroach!
Your fire vortex dissipates!
The radroach erupts in a fountain of uncontrolled magic!
You are blasted with magical radiation!!!
You die...
Your body glows with a rainbow of weird colours and disappears.

#..# .# #..## .##
#...#### #### .P#
#....#.###..##..#
#..............###
#................#
#...##.#..#......##≈§§#
#....#######[#.##.§.§.§
#...## #Y.## ..≈.≈.
#...# #B## #.≈._.§
#.... ##.○# ...≈.≈.
#... #..###..§._.≈
.###.##.#.....≈.≈.
......†.††.§.§.§.≈
.......#######§.≈#
###...# # ##..


You could see a radroach (misshapen).

Vanquished Creatures
  2 hydras
  A boulder beetle (Lair:2)
  3 two-headed ogres
  9 death yaks
  Nergalle (D:11)
  Amaemon (Lair:2)
  An orange crystal statue (Gauntlet)
  An elephant (Lair:3)
  A black mamba (Lair:3)
  An orange demon (Lair:2)
  5 cane toads
  2 rime drakes
  4 komodo dragons
  13 blink frogs
  5 dream sheep (Lair:2)
  3 spriggans (Lair:3)
  3 wyverns
  2 shadows
  10 yaks
  4 basilisks (Lair:1)
  A steam dragon (D:10)
  8 vampire mosquitoes
  3 redbacks (Lair:2)
  A floating eye (Lair:3)
  7 water moccasins
  A hydra simulacrum (Gauntlet)
  A meliai simulacrum (Gauntlet)
  3 orc warriors
  An ice beast (D:7)
  2 ogres
  7 centaurs
  11 wolves
  2 kobold brigands
  A phantom (D:7)
  13 bullfrogs
  8 necrophages (D:9)
  2 scorpions (D:5)
  12 wights
  A hornet simulacrum (Gauntlet)
  5 killer bees (D:8)
  A howler monkey (D:5)
  An electric eel (D:6)
  A centaur zombie (D:9)
  4 jellies
  7 orc priests
  A gnoll shaman (D:5)
  2 iguanas
  12 orc wizards
  6 gnolls
  14 adders
  3 white imps (D:7)
  A worm (D:2)
  10 dart slugs
  27 orcs
  8 ball pythons
  7 endoplasms
  3 giant cockroaches (D:2)
  5 goblins
  4 hobgoblins
  2 quokkas
  5 bats
  5 frilled lizards
  14 kobolds
  4 rats
309 creatures vanquished.

Vanquished Creatures (collateral kills)
  A two-headed ogre (D:11)
  A death yak (Lair:1)
  A queen bee (Lair:3)
3 creatures vanquished.

Vanquished Creatures (others)
  An adder (Lair:1)
  40 fungi
  61 plants
102 creatures vanquished.

Grand Total: 414 creatures vanquished

Notes
Turn   | Place    | Note
-------+----------+-------------------------------------------
     0 | D:1      | fragbeetle the Draconian Transmuter began the quest for the
                  | Orb.
     0 | D:1      | Reached XP level 1. HP: 16/16 MP: 3/3
   319 | D:1      | Found a faded altar of an unknown god.
   357 | D:1      | Reached XP level 2. HP: 23/23 MP: 3/5
  1242 | D:2      | Found a shimmering altar of Xom.
  1324 | D:2      | Reached XP level 3. HP: 28/28 MP: 4/6
  2053 | D:3      | Learned a level 3 spell: Spider Form
  2248 | D:3      | Reached XP level 4. HP: 35/35 MP: 7/7
  2572 | D:4      | Reached skill level 1 in Poison Magic
  2845 | D:4      | Reached XP level 5. HP: 39/40 MP: 8/8
  3107 | D:4      | Found a runed translucent door.
  3108 | D:4      | Noticed Crazy Yiuf
  3161 | D:5      | Entered Level 5 of the Dungeon
  3189 | D:5      | Found a stormy altar of Qazlal.
  3453 | D:5      | Found an ornate altar of the Wu Jian Council.
  3477 | D:5      | Reached XP level 6. HP: 37/47 MP: 9/9
  3486 | D:5      | Reached skill level 5 in Transmutations
  3647 | D:5      | Noticed a water moccasin
  3651 | D:5      | Killed a water moccasin
  3731 | D:5      | Noticed a two-headed ogre
  3829 | D:5      | Your scales start taking on a dull iron-grey colour.
  3829 | D:5      | Reached XP level 7. HP: 29/52 MP: 10/10
  4017 | D:5      | Found a sparkling altar of Nemelex Xobeh.
  4176 | D:5      | Became a worshipper of Nemelex Xobeh the Trickster
  4380 | D:6      | Noticed a vampire mosquito
  4380 | D:6      | Noticed a vampire mosquito
  4380 | D:6      | Noticed a vampire mosquito
  4381 | D:6      | Noticed a vampire mosquito
  4491 | D:5      | Learned a level 4 spell: Ice Form
  4596 | D:5      | Killed a two-headed ogre
  4597 | D:5      | Reached skill level 5 in Ice Magic
  4597 | D:5      | Reached XP level 8. HP: 31/59 MP: 11/11
  4788 | D:6      | Reached skill level 6 in Ice Magic
  4795 | D:6      | Reached skill level 7 in Ice Magic
  5088 | D:6      | Found a bloodstained altar of Trog.
  5278 | D:6      | Learned a level 3 spell: Ozocubu's Armour
  5386 | D:6      | Found a shimmering blue altar of Sif Muna.
  5503 | D:6      | Found a glowing golden altar of the Shining One.
  5513 | D:6      | Reached skill level 8 in Ice Magic
  5513 | D:6      | Reached XP level 9. HP: 46/64 MP: 12/12
  5703 | D:6      | Found a staircase to the Ecumenical Temple.
  5711 | Temple   | Entered the Ecumenical Temple
  6211 | D:7      | Reached * piety under Nemelex Xobeh
  6429 | D:7      | Received a gift from Nemelex Xobeh
  6436 | D:7      | Noticed a manticore
  6765 | D:7      | Reached skill level 9 in Ice Magic
  7468 | D:8      | Reached skill level 5 in Spellcasting
  7900 | D:8      | Reached skill level 10 in Ice Magic
  7900 | D:8      | Reached skill level 1 in Invocations
  8100 | D:8      | Reached XP level 10. HP: 57/71 MP: 17/17
  8243 | D:8      | Found a shimmering altar of Xom.
  8244 | D:8      | Found a white marble altar of Elyvilon.
  8245 | D:8      | Found a burning altar of Makhleb.
  8294 | D:8      | Noticed a two-headed ogre
  8305 | D:8      | Killed a two-headed ogre
  8465 | D:8      | Reached ** piety under Nemelex Xobeh
  8659 | D:9      | Reached skill level 11 in Ice Magic
  8659 | D:9      | Reached skill level 5 in Invocations
  8887 | D:9      | Found a staircase to the Lair.
  8979 | D:9      | Found a sacrificial altar of Ru.
  9770 | D:10     | Entered Level 10 of the Dungeon
  9988 | D:10     | Learned a level 7 spell: Ozocubu's Refrigeration
  9990 | D:10     | Reached *** piety under Nemelex Xobeh
 10018 | D:10     | Reached skill level 12 in Ice Magic
 10080 | D:10     | Reached XP level 11. HP: 66/77 MP: 18/18
 10317 | D:10     | Noticed a two-headed ogre
 10329 | D:10     | Killed a two-headed ogre
 10583 | D:11     | Noticed Nergalle
 10599 | D:11     | Killed Nergalle
 10692 | D:11     | Found a gate leading to a gauntlet.
 10791 | Gauntlet | Entered a Gauntlet
 10791 | Gauntlet | Found a transporter.
 10793 | Gauntlet | Noticed a sixfirhy
 10815 | Gauntlet | Noticed a sixfirhy
 10816 | Gauntlet | Noticed a wizard
 10835 | Gauntlet | Noticed a wizard
 11003 | Gauntlet | Noticed a sixfirhy
 11004 | Gauntlet | Found a transporter.
 11009 | Gauntlet | Noticed a sixfirhy
 11016 | Gauntlet | Found a transporter.
 11020 | Gauntlet | Found a transporter.
 11023 | Gauntlet | Noticed a thrashing horror
 11029 | Gauntlet | Noticed a thrashing horror
 11032 | Gauntlet | Found a transporter.
 11040 | Gauntlet | Received a gift from Nemelex Xobeh
 11050 | Gauntlet | Found a transporter.
 11053 | Gauntlet | Noticed an entropy weaver
 11063 | Gauntlet | Found a transporter.
 11068 | Gauntlet | Reached **** piety under Nemelex Xobeh
 11080 | Gauntlet | Found a transporter.
 11081 | Gauntlet | Received a gift from Nemelex Xobeh
 11084 | Gauntlet | Found a transporter.
 11086 | Gauntlet | Noticed an orange crystal statue
 11093 | Gauntlet | Found a transporter.
 11116 | Gauntlet | Found a transporter.
 11116 | Gauntlet | Found a transporter.
 11159 | Gauntlet | Paralysed by a floating eye for 4 turns
 11163 | Gauntlet | Killed an orange crystal statue
 11182 | Gauntlet | Identified the ring "Irphuul" {Dex+6 Slay+4}
 11222 | Gauntlet | Identified the +1 robe of Bess {rPois Dex+2}
 11453 | Gauntlet | Identified the +1 plate armour "Gotzirr" {rPois Will-
                  | Int+3}
 11453 | Gauntlet | Noticed a minotaur
 11461 | Gauntlet | Noticed a six-headed hydra
 11461 | Gauntlet | a minotaur changed into a six-headed hydra
 11468 | Gauntlet | Killed a six-headed hydra
 11779 | D:11     | Noticed a two-headed ogre
 11779 | D:11     | Noticed a two-headed ogre
 11779 | D:11     | Noticed a two-headed ogre
 11801 | D:11     | Killed a two-headed ogre
 11802 | D:11     | Reached skill level 13 in Ice Magic
 12133 | Lair:1   | Entered Level 1 of the Lair of Beasts
 12940 | Lair:1   | Reached skill level 10 in Invocations
 13648 | Lair:1   | Reached skill level 14 in Ice Magic
 13682 | Lair:1   | Reached XP level 12. HP: 55/83 MP: 19/19
 14148 | Lair:2   | Received a gift from Nemelex Xobeh
 14220 | Lair:2   | Noticed an eight-headed hydra
 14227 | Lair:2   | Killed an eight-headed hydra
 14272 | Lair:2   | Reached skill level 15 in Ice Magic
 14272 | Lair:2   | Noticed a death yak
 14464 | Lair:2   | Noticed a boulder beetle
 14489 | Lair:2   | Noticed a death yak
 14489 | Lair:2   | Noticed a death yak
 14504 | Lair:1   | Killed a death yak
 14827 | Lair:2   | Noticed a death yak
 14831 | Lair:2   | Noticed a death yak
 14833 | Lair:2   | Killed a death yak
 14841 | Lair:2   | Killed a death yak
 14847 | Lair:2   | Killed a death yak
 14869 | Lair:2   | Killed a death yak
 15105 | Lair:2   | Received a gift from Nemelex Xobeh
 15164 | Lair:2   | Killed a boulder beetle
 15165 | Lair:2   | Reached skill level 16 in Ice Magic
 15304 | Lair:2   | Found a hole to the Spider Nest.
 15305 | Lair:2   | You fall into a shaft and drop 1 floor!
 15544 | Lair:2   | Found a staircase to the Swamp.
 15676 | Lair:2   | Noticed Amaemon
 15687 | Lair:2   | Killed Amaemon
 16398 | Lair:3   | Noticed a death yak
 16420 | Lair:3   | Killed a death yak
 16470 | Lair:3   | Learned a level 4 spell: Sticky Flame
 16503 | Lair:3   | Noticed a death yak
 16506 | Lair:3   | Noticed a death yak
 16533 | Lair:3   | Noticed a death yak
 16535 | Lair:3   | Killed a death yak
 16536 | Lair:3   | Noticed a death yak
 16545 | Lair:3   | Killed a death yak
 16556 | Lair:3   | Killed a death yak
 16557 | Lair:3   | Reached XP level 13. HP: 66/95 MP: 22/22
 16897 | Lair:3   | Reached skill level 17 in Ice Magic
 17247 | Lair:3   | Reached ***** piety under Nemelex Xobeh
 17247 | Lair:3   | Noticed Fannar
 17256 | Lair:3   | Noticed Fannar
 17256 | Lair:3   | Fannar changed into Fannar the floating eye
 17259 | Lair:3   | Killed Fannar the floating eye
 17620 | Lair:3   | Found an ornate altar of the Wu Jian Council.
 17623 | Lair:3   | Identified the +2 helmet of Salvation {rN+ Regen+ rCorr}
 17645 | Lair:3   | Found a hide-covered altar of Uskayaw.
 17665 | Lair:3   | Annihilated by a radroach

Illustrated notes

Levels and vault maps discovered:
D:1:      matt_arrival_refuge, layout_basic, hellmonk_ecumenical_altar_blasted
D:2:      layout_loops_cross, basic_altar
D:3:      layout_rooms
D:4:      layout_rooms, grunt_ministairs_8, uniq_crazy_yiuf_cottage
D:5:      layout_basic, mainiacjoe_overflow_alcove_4,
          mainiacjoe_overflow_six_doors_small, mainiacjoe_overflow_alcove_1,
          chequers_serial_rivers_micro_c, item_on_display_a
D:6:      kennysheep_slugbush, layout_basic, nicolae_sif_muna_condensation,
          nicolae_overflow_hidden_temple, amcnicky_altar_gilded, temple_doors_ab
D:7:      layout_loops_cross, minmay_holes, nzn_random_ring
D:8:      layout_basic, chequers_temple_overflow_statue_of_worship,
          minmay_misc_feat_tiny
D:9:      layout_loops_ring, overflow_temple_1_default, david_lair_shrubbed,
          serial_undead, serial_undead_a, serial_undead_a, serial_undead_f,
          serial_undead_e, nicolae_two_hexagons, serial_bayou_crossing
D:10:     layout_roguey
D:11:     layout_roguey, minmay_orc_entry_temple_large, gauntlet_entry_generic,
          columned_hall_lemuel, uniq_lodul, uniq_nergalle
Temple:   pdpol_scorched_temple
Lair:1:   minmay_lair_venomous_thicket, layout_regular_city,
          serial_bayou_shore_a, grunt_megastairs_5
Lair:2:   layout_gridlike, swamp_mist, spider_nest_entry_webs,
          grunt_forest_small_clearing_treed, lemuel_fruit_tree,
          grunt_megastairs_2, serial_bayou_shore_b, uniq_amaemon
Lair:3:   kb_forest_paths, layout_chaotic_city, nzn_masters_of_martial_movement,
          uniq_fannar

Skill      XL: |  1  2  3  4  5  6  7  8  9 10 11 12 13 |
---------------+----------------------------------------+-----
Transmutations | 3 4 5 7 |  7.0
Unarmed Combat | 4 |  4.0
Poison Magic   | 1 3 4 |  4.0
Ice Magic      | 5 8 10 12 14 16 17 | 17.4
Spellcasting   | 5 6 |  6.0
Invocations    | 2 7 10 | 10.0
Fighting       | 3 |  3.6
Dodging        | |  1.7

Action                   |  1- 3 |  4- 6 |  7- 9 | 10-12 | 13-15 || total
-------------------------+-------+-------+-------+-------+-------++-------
Melee: Unarmed           |    80 |    76 |   206 |   494 |    70 ||   926
       Headbutt          |     7 |     8 |     6 |     1 |       ||    22
       Kick              |     8 |    13 |    19 |     3 |       ||    43
       Tailslap          |     2 |     4 |     5 |     3 |       ||    14
       Punch             |       |       |     1 |     1 |       ||     2
 Cast: Beastly Appendage |    28 |    16 |    16 |     3 |       ||    63
       Spider Form       |       |     3 |     4 |       |       ||     7
       Ice Form          |       |       |    14 |    55 |     5 ||    74
       Ozocubu's Armour  |       |       |       |    28 |     5 ||    33
       Ozocubu's Refrige |       |       |       |     1 |       ||     1
Invok: Draw Destruction  |       |       |       |    12 |     2 ||    14
       Draw Escape       |       |       |       |     3 |     1 ||     4
       Draw Summoning    |       |       |       |     3 |     2 ||     5
 Abil: End Transformatio |       |       |       |     2 |       ||     2
Evoke: Wand              |       |       |     2 |    13 |       ||    15
  Use: Scroll            |       |       |    17 |     4 |       ||    21
       Potion            |       |       |     3 |     2 |     1 ||     6
 Stab: Paralysed         |       |       |     6 |    14 |       ||    20
       Sleeping          |       |       |     2 |       |       ||     2
       Distracted        |       |       |       |       |     1 ||     1
Armor: Skin              |    19 |    13 |    67 |   235 |    32 ||   366
Dodge: Dodged            |    53 |    49 |   131 |   239 |    34 ||   506
       Repelled          |       |       |     6 |       |     1 ||     7

Table legend: (Time is in decaauts)
 A = Elapsed time spent in this place.
 B = Non-inter-level travel time spent in this place.
 C = Inter-level travel time spent in this place.
 D = Time resting spent in this place.
 E = Time spent auto-exploring this place.
 F = Levels seen in this place.
 G = Mean time per level.
                   A        B        C        D        E       F      G
               +--------+--------+--------+--------+--------+-----+--------+
         Total |  17610 |  17071 |    539 |   4015 |   9389 |  16 | 1100.6 |
       Dungeon |  11470 |  11036 |    434 |   2064 |   6646 |  11 | 1042.7 |
        Temple |     52 |     39 |     13 |      0 |     33 |   1 |   52.0 |
          Lair |   5208 |   5116 |     92 |   1551 |   2498 |   3 | 1736.0 |
      Gauntlet |    879 |    879 |      0 |    400 |    212 |   1 |  879.0 |
               +--------+--------+--------+--------+--------+-----+--------+

Top non-repeatable levels by time:
  Lair:1: 2290 daAuts
  Lair:2: 1575 daAuts
     D:9: 1499 daAuts
     D:6: 1456 daAuts
     D:5: 1436 daAuts
  Lair:3: 1342 daAuts
     D:8: 1161 daAuts
     D:7: 1150 daAuts
    D:10: 1034 daAuts
     D:1: 881 daAuts
Gauntlet: 879 daAuts
     D:4: 842 daAuts
     D:2: 806 daAuts
     D:3: 780 daAuts
    D:11: 422 daAuts
